AoeStats
← rusolli

Arena

504771042Analyzed
2v2 RM · 26d ago on Sep 6, 2026· 86m 39s· 4 players
Game mode
Random Map
Map size
Medium (4 player)
Population
200
Speed
Normal
Resources
Standard
Victory
Conquest
Starting age
Dark Age
Ending age
Imperial Age
RankedLock teamsTeams togetherTeam positionsShared explorationLock speedFull tech treeHidden civsTurbo modeCheats
Victory
Defeat
🇳🇴 Italians · Norway
1100
+18
🇳🇴 Vikings · Norway
1069
+19
🇹🇷 Inca · Türkiye
1157
-19
🇬🇧 Turks · United Kingdom
1136
-18
Hate
11:10 Feudal Age
16:16 Castle Age
15:10 Double-Bit Axe
15:05 Horse Collar
18:07 Bow Saw
20:13 Heavy Plow
24:22 Wheelbarrow
28:26 Imperial Age
26:26 Hand Cart
26:00 Town Watch
27:39 Loom
29:56 Scale Barding Armor
32:51 Chain Barding Armor
32:53 Bloodlines
32:43 Husbandry
34:16 Crossbowman
35:40 Plate Barding Armor
39:37 Plate Barding Armor
39:13 Forging
43:00 Bombard Tower
43:01 Ballistics
43:48 Iron Casting
43:14 Padded Archer Armor
45:17 Artillery
45:38 Conscription
46:24 Blast Furnace
45:40 Leather Archer Armor
45:39 Masonry
45:25 Murder Holes
45:25 Guard Tower
1453sultan
9:31 Loom
12:03 Feudal Age
13:23 Wheelbarrow
16:57 Castle Age
14:56 Horse Collar
15:03 Double-Bit Axe
17:53 Hand Cart
23:27 Bow Saw
24:22 Heavy Plow
29:05 Imperial Age
26:56 Fletching
27:06 Padded Archer Armor
27:41 Forging
27:31 Scale Mail Armor
27:26 Champi Runner
28:09 Scale Mail Armor
28:07 Town Watch
28:11 Champi Warrior
29:29 Iron Casting
28:50 Arson
29:10 Squires
30:14 Chain Mail Armor
31:56 Chemistry
31:25 Gold Mining
31:26 Stone Mining
32:06 Crop Rotation
32:19 Thumb Ring
32:20 Bodkin Arrow
32:25 Padded Archer Armor
33:50 Ballistics
34:44 Plate Mail Armor
35:14 Blast Furnace
34:15 Bracer
34:30 Leather Archer Armor
34:57 Elite Champi Warrior
36:21 Leather Archer Armor
36:20 Capped Ram
38:01 Conscription
38:11 Siege Ram
43:09 Ring Archer Armor
42:41 Town Patrol
43:06 Siege Engineers
62:56 Gold Shaft Mining
68:35 Stone Shaft Mining
68:49 Heavy Scorpion
70:14 Fabric Shields
70:24 Andean Sling
rusolli
0:58 Loom
1:38 Loom
1:49 Loom
11:41 Feudal Age
12:49 Double-Bit Axe
12:44 Horse Collar
13:18 Stone Mining
14:09 Loom
19:42 Castle Age
22:53 Bow Saw
22:47 Heavy Plow
25:34 Imperial Age
23:47 Gold Mining
24:28 Scale Mail Armor
24:40 Forging
25:40 Chain Mail Armor
25:31 Fletching
26:45 Gold Shaft Mining
26:49 Iron Casting
27:31 Two-Man Saw
28:30 Plate Mail Armor
31:50 Blast Furnace
32:49 Conscription
36:28 Squires
35:48 Pikeman
36:26 Bodkin Arrow
39:49 Man-at-Arms
60:08 Arson
62:57 Hoardings
64:02 Town Watch
66:57 Bracer
68:42 Town Patrol
71:30 Elite Berserk
langotriel
11:27 Feudal Age
12:16 Double-Bit Axe
12:14 Horse Collar
15:13 Loom
18:08 Castle Age
18:19 Fletching
19:27 Gold Mining
23:40 Wheelbarrow
23:12 Town Watch
23:54 Heavy Plow
26:08 Hand Cart
26:18 Bodkin Arrow
27:32 Padded Archer Armor
27:58 Stone Mining
29:06 Thumb Ring
28:25 Crossbowman
29:55 Bow Saw
33:48 Imperial Age
31:49 Leather Archer Armor
32:40 Ballistics
33:37 Masonry
34:15 Fortified Wall
35:36 Chemistry
34:51 Fortified Wall
34:22 Arbalester
35:59 Bracer
36:30 Ring Archer Armor
36:34 Architecture
45:57 Conscription
45:50 Pirotechnia
47:01 Forging
Connection lost

Rejoining the realm…

Still unreachable

The connection could not be restored.

Session expired

The server has moved on; the page needs a fresh start.